 Dungeon Crawl Stone Soup version 0.30-a0-913-g9934a0ce24 (webtiles) character file.

Game seed: 2517602012041690029

9 Khashishi the Sneak (level 2, -4/14 HPs)
             Began as a Felid Delver on Mar 19, 2023.
             Slain by a water moccasin (6 damage)
             ... on level 5 of the Dungeon.
             The game lasted 00:00:40 (36 turns).

Khashishi the Sneak (Felid Delver)                    Turns: 36, Time: 00:00:40

Health: -4/14      AC:  1    Str:  8    XL:     2   Next: 6%
Magic:  3/3        EV: 18    Int: 11    God:
Gold:   0          SH:  0    Dex: 17    Spells: 1/1 levels left
                                        Lives:  0   Deaths: 0

rFire   . . .      SeeInvis +      - Unarmed
rCold   . . .      Faith    .    (shield unavailable)
rNeg    . . .      Spirit   .    (body armour unavailable)
rPois   .          Reflect  .    (helmet unavailable)
rElec   .          Rampage  .    (cloak unavailable)
rCorr   .                        (gloves unavailable)
Will    .....                    (boots unavailable)
Stlth   ++++                     (no amulet)
HPRegen 0.22/turn                (no ring)
MPRegen 0.08/turn                (no ring)

@: hasted, very quick
A: very small, claws 1, fangs 3, see invisible, speed 1, shaggy fur 1, stealthy
paws, no weapons or thrown items, no armour, multi-lived
a: no special abilities


You were on level 5 of the Dungeon.
You visited 1 branch of the dungeon, and saw 1 of its levels.

Inventory:

Wands
 e - a wand of digging (3)
Scrolls
 a - a scroll of fog
 c - a scroll of fear


   Skills:
 + Level 3.1 Fighting
 + Level 3.0 Dodging
 + Level 6.8 Stealth
 + Level 2.2 Unarmed Combat


You had one spell level left.
You didn't know any spells.
Your spell library was empty.

Dungeon Overview and Level Annotations

Branches:
Dungeon (5/15)             Temple (0/1) D:5

Altars:
Ashenzari
Kikubaaqudgha

Annotations:
D:5 Ijyb


Innate Abilities, Weirdness & Mutations

You have sharp claws.
You have razor-sharp teeth.
You have supernaturally acute eyesight. (SInv)
You cover ground quickly. (Speed+)
You are covered in fur. (AC +1)
Your paws help you pounce on unaware monsters.
You are incapable of wielding weapons or throwing items.
You cannot wear armour.
You gain extra lives every three experience levels.


Message History

You miss the water moccasin. The water moccasin barely misses you.
An orc wizard comes into view. It is wielding a +0 dagger. x2
You barely miss the water moccasin. The water moccasin closely misses you.
You scratch the water moccasin. Your bite misses the water moccasin.
The water moccasin is lightly wounded.
The water moccasin completely misses you.
The orc priest mumbles some strange prayers to Beogh against you.
You barely resist. You scratch the water moccasin.
Your claw misses the water moccasin.
The water moccasin is lightly wounded.
The water moccasin misses you.
You closely miss the water moccasin. Your bite misses the water moccasin.
The water moccasin is lightly wounded.
The orc priest calls down the wrath of Beogh upon you.
Beogh smites you!
Ouch! That really hurt!
* * * LOW HITPOINT WARNING * * *
The orc wizard gestures at you while chanting.
The puff of flame misses you. The water moccasin misses you.
You closely miss the water moccasin.
The water moccasin is lightly wounded.
The orc wizard mumbles some strange words.
The orc wizard flickers and vanishes for a moment.
The water moccasin barely misses you.
You scratch the water moccasin but do no damage.
The water moccasin is lightly wounded.
The water moccasin closely misses you.
You scratch the water moccasin but do no damage.
Your bite misses the water moccasin.
The water moccasin is lightly wounded.
The water moccasin completely misses you.
You closely miss the water moccasin.
The water moccasin is lightly wounded.
You closely miss the water moccasin. You bite the water moccasin.
The water moccasin is lightly wounded.
The water moccasin misses you.
You barely miss the water moccasin. You bite the water moccasin.
The water moccasin is lightly wounded.
The water moccasin bites you.
You die...

*,* *,*#.# *,,,,,,,,,,,, *,*
**,*#.##******,,,****,,,, *,*
#,,,.<.,,,,,,,,_,,,,,^,,, *,*
#.,*#.#*****,_..,_,**,*,*
***,*####..##.## *,,,...,,,,*,*,*
,,,,,..........# *,oo..8,,_,*,*,*
***,*####..##.†# *,..,,,,,,,*,*,*
***.#####..##..###o#,_,,,_,,*,*,*
,,,...........gS@o.#,,,_,,,,,,,,,
**,,...........###.#**,,,**,,,,,,
,,,,.......##..###.#*******,,,*,*
*#,,*####............,,,,,*,,,*,*
#.,* #..##..###.##******,,,*,*
##..#####..##..#**,********,,,,,,
.....>...........,,,,,,,,,,,,,,,,
!..............###,**,,,,***,,***
##..###.#..###.#**,**,,,,***,,***


You could see a water moccasin, Ijyb (strong), an orc priest and 2 orc wizards.

Vanquished Creatures
  An adder (D:5)
1 creature vanquished.

Notes
Turn   | Place    | Note
-------+----------+-------------------------------------------
     0 | D:5      | Khashishi the Felid Delver began the quest for the Orb.
     0 | D:5      | Reached XP level 1. HP: 10/10 MP: 2/2
     5 | D:5      | Noticed Ijyb
    13 | D:5      | Reached XP level 2. HP: 14/14 MP: 3/3
    16 | D:5      | Noticed a water moccasin
    25 | D:5      | Found an ancient bone altar of Kikubaaqudgha.
    25 | D:5      | Found a broken altar of Ashenzari.
    36 | D:5      | Slain by a water moccasin

Illustrated notes

Levels and vault maps discovered:
D:5:      layout_basic, lemuel_tele_altar, mainiacjoe_overflow_small_starburst,
          grunt_temple_overflow_open, minmay_temple_entry_ruins,
          portal_sewer_entry_f, uniq_edmund, uniq_ijyb

Skill      XL: |  1 |
---------------+----+-----
Dodging        | 3 |  3.0
Fighting       | |  3.1
Stealth        | |  6.8
Unarmed Combat | |  2.2

Action                     || total
---------------------------++-------
  Melee: Unarmed           ||    17
         Bite              ||     2
    Use: Scroll            ||     1
         Potion            ||     1
   Stab: Sleeping          ||     1
  Dodge: Dodged            ||    12

Table legend: (Time is in decaauts)
 A = Elapsed time spent in this place.
 B = Non-inter-level travel time spent in this place.
 C = Inter-level travel time spent in this place.
 D = Time resting spent in this place.
 E = Time spent auto-exploring this place.
 F = Levels seen in this place.
 G = Mean time per level.
                   A        B        C        D        E       F      G
               +--------+--------+--------+--------+--------+-----+--------+
         Total |     25 |     25 |      0 |      0 |      0 |   1 |   25.0 |
       Dungeon |     25 |     25 |      0 |      0 |      0 |   1 |   25.0 |
               +--------+--------+--------+--------+--------+-----+--------+

Top non-repeatable levels by time:
     D:5: 25 daAuts
